 Dungeon Crawl Stone Soup version 0.27-a0-54-g64bdb92e38 (webtiles) character file.

Game seed: 573523666876979067

143335 robertstho the Thaumaturge (level 17, 0/131 HPs)
             Began as a Gnoll Ice Elementalist on Jan 6, 2021.
             Was an Elder of Sif Muna.
             Killed by the air
             ... invoked by a wind drake
              (16 damage)
             ... on level 3 of the Shoals on Jan 7, 2021.
             The game lasted 01:41:16 (38954 turns).

robertstho the Thaumaturge (GnIE)                  Turns: 38954, Time: 01:41:17

Health: 0/131      AC: 16    Str:  5    XL:     17   Next: 37%
Magic:  15/42      EV: 22    Int: 26    God:    Sif Muna [****..]
Gold:   843        SH:  0    Dex: 19    Spells: 14/40 levels left

rFire    + . .     SeeInvis +   W - +9 long sword (spect)
rCold    + + .     Faith    .   J - +0 buckler "Fuogug" {rF+ Will+ SInv Stlth-}
rNeg     + + .     Spirit   .   j - +0 steam dragon scales
rPois    +         Reflect  +   K - +0 helmet
rElec    .         Harm     .   B - +2 ratskin cloak {*Rats rPois rN+ Str-1 Int-1 Dex+1}
rCorr    .         Rampage  .   Z - +1 pair of gloves {archery}
Will     ++...                  y - +0 pair of boots of the Hills {rC+ Int+4 Stlth-}
Stlth    +++.......             P - amulet of Nanoen {Reflect rN+ Str-4 SH+5 SInv}
HPRegen  0.31/turn              b - ring of magical power
MPRegen  0.28/turn              T - ring of protection from cold

@: sleeping
A: distributed training, fangs 1, strong nose
a: Renounce Religion, Channel Magic, Forget Spell, Divine Exegesis


You were on level 3 of the Shoals.
You worshipped Sif Muna.
Sif Muna was greatly pleased with you.
You visited 6 branches of the dungeon, and saw 28 of its levels.
You also visited: Ice Cave.

You collected 3205 gold pieces.
You spent 2362 gold pieces at shops.

Inventory:

Hand Weapons
 p - a +1 longbow of flaming
 A - the +0 glaive "Oggoselo" {flame, Dex+5}
   (You found it on level 10 of the Dungeon)

   It has been specially enchanted to burn those struck by it, causing extra
   injury to most foes and up to half again as much damage against particularly
   susceptible opponents.
   Big, fiery blades are also staple armaments of hydra-hunters.
   It affects your dexterity (+5).
 S - a +3 scimitar of flaming
 W - a +9 spectral long sword (weapon)
Missiles
 q - 538 arrows
Armour
 j - +0 steam dragon scales (worn)
 y - the +0 pair of boots of the Hills (worn) {rC+ Int+4 Stlth-}
   (You found it on level 4 of the Dungeon)

   It affects your intelligence (+4).
   It protects you from cold.
   It makes you less stealthy.
 B - the +2 ratskin cloak (worn) {*Rats rPois rN+ Str-1 Int-1 Dex+1}
   (You found it on level 6 of the Dungeon)

   It affects your strength (-1).
   It affects your intelligence (-1).
   It affects your dexterity (+1).
   It protects you from poison.
   It protects you from negative energy.
 J - the +0 buckler "Fuogug" (worn) {rF+ Will+ SInv Stlth-}
   (You acquired it on level 5 of the Dungeon)

   It protects you from fire.
   It affects your willpower, your defense against some magical effects.
   It lets you see invisible.
   It makes you less stealthy.
 K - a +0 helmet (worn)
 Z - a +1 pair of gloves of archery (worn)
Jewellery
 a - an uncursed amulet of magic regeneration
 b - a ring of magical power (left hand)
 f - an uncursed ring of magical power
 r - a +4 ring of evasion
 x - the ring of Cyvog {rElec rF+ Str+9 Dex-3 Stlth+}
   (You bought it in a shop on level 1 of the Orcish Mines)

   [ring of protection from fire]

   It affects your strength (+9).
   It affects your dexterity (-3).
   It protects you from fire.
   It insulates you from electricity.
   It makes you more stealthy.
 F - an uncursed ring of willpower
 G - an uncursed ring of wizardry
 O - a +6 ring of intelligence
 P - the amulet of Nanoen (around neck) {Reflect rN+ Str-4 SH+5 SInv}
   (You found it on level 14 of the Dungeon)

   [amulet of reflection]

   It shields you and reflects attacks.
   It affects your strength (-4).
   It protects you from negative energy.
   It lets you see invisible.
   It affects your SH (+5).
 T - a ring of protection from cold (right hand)
Wands
 n - a wand of digging (3)
 o - a wand of disintegration (7)
 t - a wand of iceblast (24)
Scrolls
 c - 7 scrolls of teleportation
 k - 6 scrolls of remove curse
 l - 3 scrolls of enchant weapon
 s - a scroll of blinking
 v - 5 scrolls of fear
 C - 7 scrolls of magic mapping
 D - 2 scrolls of immolation
 E - 4 scrolls of enchant armour
 H - 2 scrolls of fog
 L - 3 scrolls of summoning
 M - 6 scrolls of identify
 R - 2 scrolls of brand weapon
Potions
 d - 6 potions of might
 g - 6 potions of mutation
 h - 2 potions of haste
 i - 5 potions of curing
 m - a potion of berserk rage
 u - 2 potions of cancellation
 w - 3 potions of magic
 z - 3 potions of flight
 Y - a potion of ambrosia
Miscellaneous
 N - a condenser vane
 V - a tin of tremorstones (2/2)
 X - a phantom mirror


   Skills:
 + Level 11.2 Fighting
 + Level 11.2 Short Blades
 + Level 11.2 Long Blades
 + Level 11.2 Axes
 + Level 11.2 Maces & Flails
 + Level 11.2 Polearms
 + Level 11.2 Staves
 + Level 11.2 Slings
 + Level 11.2 Bows
 + Level 11.2 Crossbows
 + Level 11.2 Throwing
 + Level 11.2 Armour
 + Level 12.0 Dodging
 + Level 11.8 Stealth
 + Level 11.2 Shields
 + Level 11.2 Unarmed Combat
 + Level 12.1 Spellcasting
 + Level 9.5 Conjurations
 + Level 9.5 Hexes
 + Level 9.5 Summonings
 + Level 9.5 Necromancy
 + Level 9.5 Translocations
 + Level 9.5 Transmutations
 + Level 9.5 Fire Magic
 + Level 11.6 Ice Magic
 + Level 9.5 Air Magic
 + Level 9.5 Earth Magic
 + Level 9.5 Poison Magic
 + Level 12.1 Invocations
 + Level 11.2 Evocations


You had 14 spell levels left.
You knew the following spells:

 Your Spells              Type           Power        Failure   Level
a - Freeze                Ice            100%         1%          1
b - Frozen Ramparts       Ice            100%         1%          3
c - Ozocubu's Armour      Ice            66%          1%          3
d - Hailstorm             Conj/Ice       63%          1%          4
e - Summon Ice Beast      Ice/Summ       63%          1%          4
f - Shadow Creatures      Summ           N/A          12%         6
g - Borgnjor's Vile Clut  Necr/Erth      30%          1%          5

Your spell library contained the following spells:

 Spells                   Type           Power        Failure   Level
 Corona                   Hex            66%          1%          1
 Shock                    Conj/Air       100%         1%          1
 Ensorcelled Hibernation  Hex/Ice        100%         1%          2
 Slow                     Hex            60%          1%          2
 Swiftness                Air            60%          1%          2
 Confusing Touch          Hex            60%          1%          3
 Conjure Flame            Conj/Fire      60%          1%          3
 Dazzling Flash           Conj/Hex       100%         1%          3
 Ignite Poison            Fire/Tmut/Pois 60%          1%          3
 Inner Flame              Hex/Fire       60%          1%          3
 Static Discharge         Conj/Air       60%          1%          3
 Stone Arrow              Conj/Erth      100%         1%          3
 Tukima's Dance           Hex            60%          1%          3
 Airstrike                Air            30%          1%          4
 Cause Fear               Hex            30%          1%          4
 Leda's Liquefaction      Hex/Erth       30%          1%          4
 Irradiate                Conj/Tmut      30%          1%          5
 Lightning Bolt           Conj/Air       30%          1%          5
 Silence                  Hex/Air        30%          1%          5
 Starburst                Conj/Fire      30%          12%         6
 Monstrous Menagerie      Summ           30%          54%         7
 Spellforged Servitor     Conj/Summ      30%          54%         7
 Summon Greater Demon     Summ           30%          54%         7
 Summon Horrible Things   Summ           30%          99%         8
 Dragon's Call            Summ           30%          100%        9


Dungeon Overview and Level Annotations

Branches:
Dungeon (15/15)            Temple (1/1) D:5            Lair (6/6) D:10
 Shoals (3/4) Lair:3        Snake (2/4) Lair:2          Orc (2/2) D:10
    Elf (0/3) Orc:2        Vaults (0/5) D:13         Depths (0/5) D:15
  IceCv (visited)
  Slime: Lair:5-6

Altars:
Ashenzari
Cheibriados
Dithmenos
Elyvilon
Fedhas
Gozag
Hepliaklqana
Kikubaaqudgha
Makhleb
Nemelex Xobeh
Okawaru
Qazlal
Ru
Sif Muna
Trog
Uskayaw
Vehumet
Wu Jian
Xom
Yredelemnul
Zin
The Shining One
Beogh
Lugonu

Shops:
D:7 (   D:9 [   D:11 !   Orc:1 =   Orc:2 :!?[(   Snake:2 *

Portals:
Abyss: Shoals:1
Trove: D:12 (give 5 scrolls of fog)

Annotations:
D:8 2 transporters, Clumpoid's ghost, novice GrFi
Shoals:3 3 runed translucent doors, exclusion: obsidian statue
Orc:1 2 transporters, Rygut's ghost, journeyman DrFi


Innate Abilities, Weirdness & Mutations

Your experience applies equally to all skills.
You have very sharp teeth.
Your uncanny sense of smell can sniff out nearby items.


Message History

The manticore flicks its tail.
The volley of spikes hits your ice beast!!
The faun shoots a stone.
The stone hits your ice beast but does no damage.
You hear a splash.
The merfolk hits you from afar with a +0 trident.
* * * LOW HITPOINT WARNING * * *
Your water nymph touches the faun!
Your water nymph drowns the faun!
Casting: Summon Ice Beast (mildly dangerous; 1% risk of failure)
Confirm with . or Enter, or press ? or * to list all spells.
A chill wind blows around you.
The dream sheep shake their wool and sparkle.
You feel drowsy...
You fall asleep.
The faun unwields a +0 hunting sling.
The faun wields a +0 club.
The faun hits your water nymph with a +0 club!!
Your water nymph barely misses the faun.
Your magical contamination has completely faded away.
The wind drake flaps its wings at you. The air twists around and strikes you!
You die...

≈≈≈.≈≈≈≈........≈≈≈≈≈≈≈≈≈≈≈≈≈≈≈≈≈
≈≈≈≈≈≈.≈>.......≈≈≈≈≈≈≈≈≈≈≈≈≈≈≈≈≈
≈≈≈≈≈≈(≈≈...≈....≈≈≈≈≈≈≈≈≈≈≈≈≈≈≈≈
≈≈≈≈≈≈≈≈≈≈≈.Y..YY..≈≈≈≈≈≈≈≈≈≈≈≈≈X
≈≈≈≈≈≈≈≈≈≈.....≈≈≈.≈X≈≈≈≈≈≈≈≈≈≈≈≈
≈≈≈≈≈≈≈≈≈.$≈c..^..≈Y≈≈≈≈≈≈≈≈≈≈≈≈≈
≈≈≈≈≈≈≈≈≈..≈mY(.......≈≈≈≈≈≈≈≈≈≈≈
≈≈≈≈≈#####.≈≈≈†.......≈≈≈≈≈≈≈≈≈≈≈
≈≈≈≈#*≈8,##.≈≈≈.@..k..≈≈≈≈≈≈≈≈≈≈≈
≈≈≈≈*≈∆$mm#.......(....≈≈≈..(≈≈≈≈
≈≈≈≈*8∆$$m+....YmY.#..≈≈...((≈≈≈≈
≈≈≈≈*∩,8_$+........#...)..###.≈≈≈
≈≈≈≈*8,.$$+...........≈...# #..≈≈
≈≈≈≈*∩,$$$#.........H.....###.≈≈≈
≈≈≈≈**,8.##...........$<......≈≈≈
≈≈≈≈≈**###.......≈≈≈...##..≈≈≈≈≈≈
≈≈≈≈≈≈,,,,,,,,,≈≈≈≈≈≈..*#..≈≈≈≈≈≈


You could see a merfolk avatar, a wind drake (repels missiles), a nameless
horror, a merfolk, a faun, a manticore, a water nymph, 3 dream sheep, a friendly
water nymph (summoned) and 4 friendly ice beasts.

Vanquished Creatures
  A nagaraja (Snake:2)
  The ghost of hehateme the Fighter, an adept KoGl of Uskayaw (D:13)
  Aizul (Snake:1)
  A very ugly thing (IceCv)
  Azrael (Snake:1)
  A merfolk javelineer (Shoals:2)
  Snorg (Lair:4)
  3 merfolk impalers
  2 ogre magi (Orc:2)
  A great orb of eyes (D:14)
  6 hydras
  A naga warrior (Snake:1)
  3 centaur warriors
  2 death knights
  A satyr (Shoals:3)
  2 boulder beetles
  2 anacondas
  A merfolk avatar (Shoals:3)
  2 dancing weapons (D:13)
  3 two-headed ogres
  A tengu warrior (D:15)
  A fire crab (shapeshifter) (D:14)
  3 unseen horrors
  A naga ritualist (Snake:1)
  A golden dragon zombie (D:15)
  2 phantasmal warriors
  3 orc knights
  5 harpies
  A necromancer (D:15)
  A spectral wolf spider (D:13)
  An oklob plant (Lair:3)
  9 orc sorcerers
  3 mana vipers
  A faun (Shoals:1)
  7 deep elf magi
  A wolf spider (D:14)
  6 ugly things
  5 cyclopes
  8 centaur zombies
  4 manticores
  A guardian serpent (D:12)
  14 black mambas
  4 merfolk sirens
  A fire giant skeleton (D:15)
  5 elephants (Lair:5)
  3 ice statues (IceCv)
  A naga mage (Snake:2)
  The ghost of quoriil the Digger, a novice OpEE of Vehumet (D:5)
  A nameless horror (IceCv)
  8 cane toads
  Maggie (D:6)
  An efreet (D:10)
  A yaktaur (D:15)
  2 freezing wraiths
  A kobold demonologist (D:15)
  3 komodo dragons
  2 polar bears (Lair:1)
  A harpy zombie (D:13)
  19 merfolk
  3 meliai (D:14)
  A tengu conjurer (D:15)
  6 trolls
  2 wind drakes (Shoals:1)
  A hornet (D:14)
  A fire dragon zombie (D:15)
  17 blink frogs
  7 snapping turtles
  A spriggan zombie (D:15)
  2 shadows
  23 yaks
  3 water elementals
  4 wraiths
  5 wyverns
  Eustachio (D:8)
  A golden eye (shapeshifter) (D:14)
  3 basilisks
  A fire elemental (Snake:1)
  2 steam dragons
  7 vampire mosquitoes
  6 nagas
  2 harpy simulacra (IceCv)
  2 wargs (Orc:1)
  13 water moccasins
  2 acid dragons (D:14)
  3 hell hounds (Snake:1)
  15 orc warriors
  3 black bears
  4 sky beasts
  An eye of draining (D:10)
  3 ice beasts
  A necrophage (D:11)
  3 phantoms
  14 centaurs
  20 ogres
  6 wolves
  A big kobold (D:6)
  Blork the orc (D:8)
  20 bullfrogs
  2 wyvern zombies
  2 gnoll sergeants (D:8)
  6 scorpions
  11 killer bees
  11 wights
  A bullfrog zombie (D:12)
  A quasit (D:6)
  3 jellies
  5 hounds
  8 orc priests
  A centaur skeleton (D:9)
  3 bullfrog skeletons
  4 iguanas
  6 worker ants
  35 orc wizards
  8 hell rats
  2 hound skeletons
  A howler monkey zombie (D:11)
  A worker ant zombie (D:10)
  A howler monkey skeleton (D:4)
  8 gnolls
  8 adders
  4 river rats (D:6)
  2 shadow imps
  2 white imps
  An ooze (D:1)
  3 adder skeletons
  5 worms
  3 dart slugs
  8 leopard geckos
  73 orcs
  4 bats
  9 giant cockroaches
  6 goblins
  3 hobgoblins
  3 jackals (D:4)
  11 kobolds
  3 quokkas
  2 ball pythons
  5 frilled lizards
  A goblin skeleton (D:8)
  A goblin zombie (D:8)
  3 hobgoblin zombies (D:8)
  A jackal skeleton (D:4)
  2 kobold skeletons (D:8)
  A kobold zombie (D:8)
  2 leopard gecko skeletons
  3 orc skeletons (D:8)
  15 rats
  A lurking horror (Shoals:1)
686 creatures vanquished.

Vanquished Creatures (collateral kills)
  Polyphemus (Shoals:2)
  Louise (Shoals:2)
  Nessos (Lair:5)
  A merfolk javelineer (Shoals:3)
  2 hydras (Lair:4)
  2 merfolk avatars (Shoals:1)
  2 boulder beetles
  A catoblepas (Shoals:2)
  Erica (Lair:1)
  2 anacondas
  2 death yaks (Shoals:2)
  Urug (Lair:5)
  2 naga sharpshooters (Snake:2)
  2 sea snakes
  2 skeletal warriors (D:15)
  A phantasmal warrior (D:12)
  An orc sorcerer (Orc:2)
  7 harpies
  A cyclops (Shoals:3)
  A spectral centaur (D:13)
  4 fauns
  2 manticores
  A merfolk siren (Shoals:3)
  3 cane toads
  A freezing wraith (D:12)
  A komodo dragon (Lair:3)
  An anaconda simulacrum (IceCv)
  2 polar bears (Lair:1)
  4 merfolk
  A wind drake (Lair:3)
  2 blink frogs (Lair:3)
  A snapping turtle (Shoals:2)
  A dream sheep (Shoals:3)
  A centaur simulacrum (D:13)
  2 water elementals (Shoals:1)
  A vampire (D:15)
  7 yaks
  A vampire mosquito (D:13)
  An iron troll simulacrum (IceCv)
  4 water moccasins
  A hydra simulacrum (IceCv)
  A spectral hornet (D:13)
  An orc warrior (Orc:2)
  7 ice beasts
  A phantom (D:6)
  A hornet zombie (D:6)
  A wolf (Lair:3)
  2 centaurs
  A nameless horror (IceCv)
  A bullfrog (D:7)
  An electric eel (Lair:3)
  3 wights (D:7)
  An orc priest (Orc:1)
  2 bullfrog skeletons
  2 orc wizards (D:10)
  An iguana (D:11)
  A killer bee zombie (D:6)
  4 adders
  2 gnolls (D:8)
  A leopard gecko (D:6)
  3 orcs (Orc:2)
  A ball python (Lair:2)
  4 giant cockroaches (D:6)
  2 rats (D:5)
120 creatures vanquished.

Vanquished Creatures (others)
  An unseen horror (D:13)
  An orc wizard (Orc:2)
  18 foxfires
  21 fungi
  2 lurking horrors
  98 plants
  7 withered plants (D:15)
148 creatures vanquished.

Grand Total: 954 creatures vanquished

Notes
Turn   | Place    | Note
-------+----------+-------------------------------------------
     0 | D:1      | robertstho the Gnoll Ice Elementalist began the quest for
                  | the Orb.
     0 | D:1      | Reached XP level 1. HP: 13/13 MP: 6/6
   255 | D:1      | Reached XP level 2. HP: 19/19 MP: 5/7
   498 | D:1      | Reached XP level 3. HP: 19/25 MP: 7/9
   604 | D:1      | Reached skill level 5 in Spellcasting
  1028 | D:2      | Reached skill level 1 in Invocations
  1494 | D:2      | Reached skill level 1 in Fighting
  1494 | D:2      | Reached skill level 1 in Short Blades
  1494 | D:2      | Reached skill level 1 in Long Blades
  1494 | D:2      | Reached skill level 1 in Axes
  1494 | D:2      | Reached skill level 1 in Maces & Flails
  1494 | D:2      | Reached skill level 1 in Polearms
  1494 | D:2      | Reached skill level 1 in Staves
  1494 | D:2      | Reached skill level 1 in Slings
  1494 | D:2      | Reached skill level 1 in Bows
  1494 | D:2      | Reached skill level 1 in Crossbows
  1494 | D:2      | Reached skill level 1 in Throwing
  1494 | D:2      | Reached skill level 1 in Armour
  1494 | D:2      | Reached skill level 1 in Shields
  1494 | D:2      | Reached skill level 1 in Unarmed Combat
  1494 | D:2      | Reached skill level 1 in Evocations
  1494 | D:2      | Reached XP level 4. HP: 31/32 MP: 9/11
  1888 | D:2      | You fall into a shaft and drop 2 floors!
  1889 | D:4      | Noticed a centaur
  1893 | D:4      | Killed a centaur
  1894 | D:4      | Reached skill level 1 in Conjurations
  1894 | D:4      | Reached skill level 1 in Hexes
  1894 | D:4      | Reached skill level 1 in Summonings
  1894 | D:4      | Reached skill level 1 in Necromancy
  1894 | D:4      | Reached skill level 1 in Translocations
  1894 | D:4      | Reached skill level 1 in Transmutations
  1894 | D:4      | Reached skill level 1 in Fire Magic
  1894 | D:4      | Reached skill level 1 in Air Magic
  1894 | D:4      | Reached skill level 1 in Earth Magic
  1894 | D:4      | Reached skill level 1 in Poison Magic
  1894 | D:4      | Reached XP level 5. HP: 29/37 MP: 9/12
  2068 | D:4      | Noticed an ogre
  2076 | D:4      | Killed an ogre
  2077 | D:4      | Reached XP level 6. HP: 7/44 MP: 11/13
  2350 | D:4      | Noticed a phantom
  2368 | D:4      | Learned a level 3 spell: Frozen Ramparts
  2372 | D:4      | Learned a level 3 spell: Ozocubu's Armour
  2380 | D:4      | Learned a level 4 spell: Hailstorm
  2388 | D:4      | Learned a level 4 spell: Summon Ice Beast
  2421 | D:4      | Killed a phantom
  2422 | D:4      | Reached skill level 5 in Dodging
  3011 | D:4      | Got a pair of transparent boots
  3016 | D:4      | Identified the +0 pair of boots of the Hills {rC+ Int+4
                  | Stlth-} (You found it on level 4 of the Dungeon)
  3232 | D:5      | Entered Level 5 of the Dungeon
  3243 | D:5      | Found a blossoming altar of Fedhas.
  3252 | D:5      | You fall into a shaft and drop 1 floor!
  3253 | D:6      | Found a snail-covered altar of Cheibriados.
  3255 | D:6      | Noticed Maggie
  3259 | D:6      | Noticed an orc warrior
  3263 | D:6      | Killed an orc warrior
  3264 | D:6      | Reached XP level 7. HP: 30/50 MP: 12/15
  3265 | D:6      | Killed Maggie
  3266 | D:6      | Reached skill level 5 in Stealth
  3570 | D:6      | Reached XP level 8. HP: 44/57 MP: 16/16
  3584 | D:6      | Found a broken altar of Ashenzari.
  4004 | D:6      | Found a basalt altar of Yredelemnul.
  4280 | D:6      | Reached XP level 9. HP: 65/65 MP: 18/18
  4533 | D:6      | Found a shadowy altar of Dithmenos.
  4535 | D:6      | Noticed a two-headed ogre
  4546 | D:6      | Killed a two-headed ogre
  5075 | D:6      | Found the +2 ratskin cloak {*Rats rPois rN+ Str-1 Int-1
                  | Dex+1}
  5670 | D:7      | Reached skill level 5 in Invocations
  5805 | D:7      | Found a stormy altar of Qazlal.
  6434 | D:7      | Found Zekor's Weapon Boutique.
  6535 | D:8      | Found a glowing golden altar of the Shining One.
  6604 | D:8      | Found a transporter.
  6608 | D:8      | Noticed Clumpoid's ghost (novice GrFi)
  6633 | D:8      | Found a sparkling altar of Nemelex Xobeh.
  6639 | D:8      | Noticed Eustachio
  6642 | D:8      | Noticed Blork the orc
  6650 | D:8      | Killed Blork the orc
  6650 | D:8      | Killed Eustachio
  6651 | D:8      | Reached XP level 10. HP: 73/73 MP: 11/20
  6685 | D:8      | Reached skill level 5 in Fighting
  6685 | D:8      | Reached skill level 5 in Short Blades
  6685 | D:8      | Reached skill level 5 in Long Blades
  6685 | D:8      | Reached skill level 5 in Axes
  6685 | D:8      | Reached skill level 5 in Maces & Flails
  6685 | D:8      | Reached skill level 5 in Polearms
  6685 | D:8      | Reached skill level 5 in Staves
  6685 | D:8      | Reached skill level 5 in Slings
  6685 | D:8      | Reached skill level 5 in Bows
  6685 | D:8      | Reached skill level 5 in Crossbows
  6685 | D:8      | Reached skill level 5 in Throwing
  6685 | D:8      | Reached skill level 5 in Armour
  6685 | D:8      | Reached skill level 5 in Shields
  6685 | D:8      | Reached skill level 5 in Unarmed Combat
  6685 | D:8      | Reached skill level 5 in Evocations
  7327 | D:8      | Found a transporter.
  7362 | D:8      | Noticed a two-headed ogre
  7369 | D:8      | Killed a two-headed ogre
  7916 | D:9      | Reached XP level 11. HP: 51/81 MP: 9/22
  8071 | D:9      | Found Uziaxy's Antique Armour Shop.
  8313 | D:9      | Reached skill level 5 in Conjurations
  8313 | D:9      | Reached skill level 5 in Hexes
  8313 | D:9      | Reached skill level 5 in Summonings
  8313 | D:9      | Reached skill level 5 in Necromancy
  8313 | D:9      | Reached skill level 5 in Translocations
  8313 | D:9      | Reached skill level 5 in Transmutations
  8313 | D:9      | Reached skill level 5 in Fire Magic
  8313 | D:9      | Reached skill level 5 in Air Magic
  8313 | D:9      | Reached skill level 5 in Earth Magic
  8313 | D:9      | Reached skill level 5 in Poison Magic
  8621 | D:10     | Entered Level 10 of the Dungeon
  8705 | D:10     | Found a shadowy altar of Dithmenos.
  9230 | D:10     | Found a staircase to the Orcish Mines.
  9253 | D:10     | Got a translucent glaive
  9253 | D:10     | Identified the +0 glaive "Oggoselo" {flame, Dex+5} (You
                  | found it on level 10 of the Dungeon)
  9531 | D:10     | Noticed a boulder beetle
  9534 | D:10     | Noticed a deep elf mage
  9544 | D:10     | Killed a boulder beetle
  9549 | D:10     | Killed a deep elf mage
  9555 | D:10     | Noticed a deep elf mage
  9561 | D:10     | Killed a deep elf mage
  9955 | D:10     | Found a staircase to the Lair.
 10184 | D:11     | Killed an unseen horror
 10185 | D:11     | Noticed a manticore
 10350 | D:11     | Noticed a red ugly thing
 10365 | D:11     | Killed a red ugly thing
 10500 | D:11     | Reached XP level 12. HP: 79/89 MP: 24/24
 10721 | D:5      | Identified a scroll of acquirement
 10722 | D:5      | Acquired the +0 buckler "Fuogug" {rF+ Will+ SInv Stlth-}
 10725 | D:5      | Found a snail-covered altar of Cheibriados.
 10753 | D:5      | Found a staircase to the Ecumenical Temple.
 10816 | D:5      | Found a burning altar of Makhleb.
 10823 | D:5      | Found a glowing silver altar of Zin.
 10823 | D:5      | Noticed an angel
 10823 | D:5      | Noticed a cacodemon
 10883 | D:5      | Found a runed translucent door.
 10946 | D:5      | Found a runed translucent door.
 10994 | D:5      | Noticed quoriil's ghost (novice OpEE)
 11118 | D:5      | Killed quoriil's ghost
 11204 | Temple   | Entered the Ecumenical Temple
 11338 | Temple   | Became a worshipper of Sif Muna the Loreminder
 11477 | Lair:1   | Entered Level 1 of the Lair of Beasts
 12461 | Lair:1   | Noticed a five-headed hydra
 12468 | Lair:1   | Killed a three-headed hydra
 12543 | Lair:1   | Noticed Erica
 12560 | Lair:1   | Killed Erica
 13400 | Lair:2   | Reached * piety under Sif Muna
 13655 | Lair:2   | Found a staircase to the Snake Pit.
 13987 | Lair:2   | Noticed a boulder beetle
 14009 | Lair:2   | Killed a boulder beetle
 14565 | Lair:3   | Found an ornate altar of the Wu Jian Council.
 14606 | Lair:3   | Reached XP level 13. HP: 50/98 MP: 26/26
 15637 | Lair:3   | Reached ** piety under Sif Muna
 15761 | Lair:3   | Found a staircase to the Shoals.
 16580 | Lair:4   | Got a crystal scimitar
 16581 | Lair:4   | Identified the +7 scimitar "Nigrigg" {venom, Dex+3 SInv}
                  | (You found it on level 4 of the Lair of Beasts)
 16676 | Lair:4   | Noticed Snorg
 16683 | Lair:4   | Killed Snorg
 16790 | Lair:4   | Acquired 712 gold pieces
 17724 | Lair:5   | Noticed Nessos
 17744 | Lair:5   | Killed Nessos
 17745 | Lair:5   | Reached skill level 10 in Ice Magic
 18431 | Lair:5   | Reached *** piety under Sif Muna
 18450 | Lair:5   | Noticed Urug
 18463 | Lair:5   | Killed Urug
 18885 | Lair:5   | Reached skill level 10 in Spellcasting
 19236 | Lair:6   | Entered Level 6 of the Lair of Beasts
 19717 | Orc:1    | Entered Level 1 of the Orcish Mines
 19779 | Orc:1    | Found Isuuqij's Jewellery Emporium.
 19792 | Orc:1    | Bought the ring of Cyvog {rElec rF+ Str+9 Dex-3 Stlth+} for
                  | 761 gold pieces
 20042 | Orc:1    | Found a transporter.
 20048 | Orc:1    | Noticed Rygut's ghost (journeyman DrFi)
 20082 | Orc:1    | Found a transporter.
 20644 | Orc:2    | Entered Level 2 of the Orcish Mines
 20655 | Orc:2    | Reached **** piety under Sif Muna
 20740 | Orc:2    | Found Wutaemif's Weapon Emporium.
 20891 | Orc:2    | Reached XP level 14. HP: 94/106 MP: 28/28
 20922 | Orc:2    | Reached skill level 10 in Dodging
 20933 | Orc:2    | Found Kusmif's Magic Scroll Boutique.
 20961 | Orc:2    | Bought a scroll of noise for 14 gold pieces
 20961 | Orc:2    | Bought a scroll of blinking for 105 gold pieces
 20961 | Orc:2    | Bought a scroll of identify for 28 gold pieces
 20961 | Orc:2    | Bought a scroll of fear for 49 gold pieces
 20961 | Orc:2    | Bought a scroll of magic mapping for 49 gold pieces
 20988 | Orc:2    | Found an ancient bone altar of Kikubaaqudgha.
 21043 | Orc:2    | Found a radiant altar of Vehumet.
 21137 | Orc:2    | Found a roughly hewn altar of Beogh.
 21137 | Orc:2    | Found Tontauga's Antique Armour Shop.
 21137 | Orc:2    | Found Gusonaoc's Book Boutique.
 21147 | Orc:2    | Found Ugheobb's Distillery.
 21187 | Orc:2    | Bought a potion of resistance for 160 gold pieces
 21187 | Orc:2    | Bought a potion of experience for 800 gold pieces
 21187 | Orc:2    | Bought a potion of heal wounds for 80 gold pieces
 21187 | Orc:2    | Bought a potion of curing for 48 gold pieces
 21187 | Orc:2    | Bought a potion of curing for 48 gold pieces
 21187 | Orc:2    | Bought a potion of heal wounds for 80 gold pieces
 21187 | Orc:2    | Reached skill level 10 in Stealth
 21187 | Orc:2    | Reached skill level 10 in Invocations
 21187 | Orc:2    | Reached XP level 15. HP: 113/113 MP: 29/29
 21336 | Orc:2    | Found a staircase to the Elven Halls.
 21892 | D:11     | Reached ***** piety under Sif Muna
 21892 | D:11     | Identified Sif Muna's Almanac of Companions (Sif Muna
                  | gifted it to you on level 11 of the Dungeon)
 21892 | D:11     | Received a gift from Sif Muna
 22372 | D:11     | Found Fesmuuta's Distillery.
 22395 | D:11     | Bought a potion of heal wounds for 70 gold pieces
 22395 | D:11     | Bought a potion of heal wounds for 70 gold pieces
 22997 | D:12     | Found a snail-covered altar of Cheibriados.
 23577 | D:12     | Found a portal to a secret trove of treasure.
 24081 | D:12     | Upgraded the game from 0.27-a0-46-g34d46f0a3f to
                  | 0.27-a0-54-g64bdb92e38
 24212 | Snake:1  | Entered Level 1 of the Snake Pit
 24290 | Snake:1  | Noticed Azrael
 24291 | Snake:1  | Noticed Aizul
 24300 | Snake:1  | Killed Azrael
 24307 | Snake:1  | Killed Aizul
 24786 | Snake:1  | Identified Sif Muna's Compendium of the Oath and Shape
                  | Shifting (Sif Muna gifted it to you on level 1 of the Snake
                  | Pit)
 24786 | Snake:1  | Received a gift from Sif Muna
 25784 | Snake:2  | Found Yberopir's General Store.
 25815 | Snake:2  | Noticed a nagaraja
 25832 | Snake:2  | Killed a nagaraja
 25833 | Snake:2  | Reached skill level 10 in Fighting
 25833 | Snake:2  | Reached skill level 10 in Short Blades
 25833 | Snake:2  | Reached skill level 10 in Long Blades
 25833 | Snake:2  | Reached skill level 10 in Axes
 25833 | Snake:2  | Reached skill level 10 in Maces & Flails
 25833 | Snake:2  | Reached skill level 10 in Polearms
 25833 | Snake:2  | Reached skill level 10 in Staves
 25833 | Snake:2  | Reached skill level 10 in Slings
 25833 | Snake:2  | Reached skill level 10 in Bows
 25833 | Snake:2  | Reached skill level 10 in Crossbows
 25833 | Snake:2  | Reached skill level 10 in Throwing
 25833 | Snake:2  | Reached skill level 10 in Armour
 25833 | Snake:2  | Reached skill level 10 in Shields
 25833 | Snake:2  | Reached skill level 10 in Unarmed Combat
 25833 | Snake:2  | Reached skill level 10 in Evocations
 26814 | D:13     | Reached XP level 16. HP: 92/122 MP: 31/31
 27197 | D:13     | Found a gate to the Vaults.
 27577 | D:13     | Found a runed translucent gate.
 27577 | D:13     | Found a runed translucent gate.
 27577 | D:13     | Found a runed translucent gate.
 27578 | D:13     | Noticed hehateme's ghost (adept KoGl)
 28169 | D:13     | Killed hehateme's ghost
 29087 | D:14     | Got a shimmering golden amulet
 29088 | D:14     | Identified the amulet of Nanoen {Reflect rN+ Str-4 SH+5
                  | SInv} (You found it on level 14 of the Dungeon)
 29918 | D:15     | Entered Level 15 of the Dungeon
 29965 | D:15     | Identified Sif Muna's Catalogue of Paper (Sif Muna gifted
                  | it to you on level 15 of the Dungeon)
 29965 | D:15     | Received a gift from Sif Muna
 30528 | D:15     | Found a staircase to the Depths.
 31538 | D:15     | Found a blossoming altar of Fedhas.
 31739 | Shoals:1 | Entered Level 1 of the Shoals
 31970 | Shoals:1 | Found a corrupted altar of Lugonu.
 31981 | Shoals:1 | Found a one-way gate to the infinite horrors of the Abyss.
 34580 | Shoals:2 | Reached XP level 17. HP: 50/130 MP: 7/32
 36554 | Shoals:2 | Noticed Louise
 36555 | Shoals:2 | Noticed Polyphemus
 36911 | Shoals:1 | Learned a level 6 spell: Shadow Creatures
 36917 | Shoals:1 | Learned a level 5 spell: Borgnjor's Vile Clutch
 36959 | Shoals:2 | Killed Louise
 36989 | Shoals:2 | Killed Polyphemus
 37278 | Shoals:3 | Found a frozen archway.
 37282 | IceCv    | Entered an ice cave
 38932 | Shoals:3 | Found a runed translucent gate.
 38936 | Shoals:3 | Found a runed translucent gate.
 38936 | Shoals:3 | Found an opulent altar of Gozag.
 38936 | Shoals:3 | Found a runed translucent gate.
 38954 | Shoals:3 | Killed from afar by a wind drake

Illustrated notes

Levels and vault maps discovered:
D:1:      dpeg_arrival_simpleton_b, layout_rooms, serial_bayou_pond_d,
          chequers_mini_garden, hangedman_decor_opposing, minmay_heptomino_l4
D:2:      layout_basic
D:4:      layout_basic
D:5:      layout_rooms, grunt_temple_overflow_order_and_chaos_2,
          old_standard_altar, nicolae_overflow_crystal_walls,
          minmay_temple_entry_statues_pillars, ebering_ghost_sewer_f
D:6:      wander_guarded_unrand_ratskin, layout_rooms, kennysheep_little_box,
          evilmike_ruin_ashenzari, serial_co_window_serial, co_window_paths_b,
          co_window_paths_b, co_window_paths_b, co_window_paths_b,
          co_window_corner_a, co_window_of_opportunity_a, co_window_cross_1,
          co_window_broadway_c, co_window_2corner, co_window_corner_ca,
          glass_columns_b, glass_columns_a, glass_columns_a, glass_columns_a,
          gup_sewer_entry_pipe, hangedman_feature_mirror, uniq_maggie
D:7:      layout_basic, grunt_qazlal_clouds, serial_shops, kennysheep_mini,
          chequers_serial_rivers_room_b, minivault_27
D:8:      layout_loops_cross, nicolae_tso_besieged_by_evil,
          nemelex_xobeh_ov_fountains_minmay, gammafunk_ghost_arena,
          sword_in_stone
D:9:      layout_cross, serial_shops, shop, chequers_garden,
          kennysheep_cross_bottleneck
D:10:     minmay_the_grid_four_pointed_star
          [minmay_the_grid_triangle_9x9_negative_grid,
          minmay_the_grid_triangle_9x9_sparse_checkered,
          minmay_the_grid_triangle_9x9_zippers_vertical,
          minmay_the_grid_triangle_9x9_skeleton,
          minmay_the_grid_prize_four_corners_diamond_b], layout_irregular_city,
          grunt_lair_entry_orc_guard_hut, minmay_ruined_shrine
D:11:     layout_roguey, serial_shops, shop
D:12:     layout_basic, basic_altar, enter_trove_2,
          nrook_guardian_serpent_double
D:13:     layout_basic, erik_vaults_1, gammafunk_ghost_necromancy,
          minmay_misc_feat_nine_boxes
D:14:     minmay_wavy_crystal, layout_basic, abandoned_shop,
          grunt_ministairs_12, lemuel_another_geyser, uniq_roxanne
D:15:     gammafunk_depths_entry_grave, layout_basic, fedhas_altar_fruit_tree
Temple:   oiseaux_autumnal_temple
Lair:1:   layout_regular_city, chequers_serial_rivers_room_a,
          cheibrodos_lair_lostbears, uniq_erica
Lair:2:   layout_hall_layers, minmay_snake_entry_six_corridors,
          grunt_megastairs_4
Lair:3:   layout_roguey, minmay_shoals_entry_beasts, basic_altar,
          serial_bayou_pond_e, chequers_serial_rivers_small_a,
          minmay_lair_oklob_bushes, serial_bayou_shore_a
Lair:4:   layout_cave_pods, uniq_snorg
Lair:5:   layout_cave_pods, uniq_nessos, uniq_urug
Lair:6:   due_jungle_book, layout_small_grid, slime_altar_1, pond,
          lemuel_fruit_fields, infiniplex_staircase_pool_2
Shoals:1: layout_shoals, amcnicky_altar_lugonu_corruption
Shoals:2: layout_shoals, uniq_louise, uniq_polyphemus
Shoals:3: argonaut_golden_fleece, layout_shoals, ebering_ghost_gozag,
          portal_ice_cave_entry_pillars_four
Snake:1:  layout_concentric_octagons, st_stairs_5, drop_trap,
          grunt_megastairs_1, uniq_aizul, uniq_azrael
Snake:2:  layout_rooms, minmay_shoptagon
Orc:1:    layout_caves, gammafunk_ghost_arena, serial_shops, shop
Orc:2:    kennysheep_orc_mage_school, layout_diamond_mine, serial_shops, shop,
          special_room

Skill      XL: |  1  2  3  4  5  6  7  8  9 10 11 12 13 14 15 16 17 |
---------------+----------------------------------------------------+-----
Spellcasting   | 5 6 7 8 9 10 11 12 | 12.1
Invocations    | 1 2 3 4 5 6 7 8 9 10 11 12 | 12.1
Fighting       | 1 2 3 4 5 6 7 8 9 10 11 | 11.2
Short Blades   | 1 2 3 4 5 6 7 8 9 10 11 | 11.2
Long Blades    | 1 2 3 4 5 6 7 8 9 10 11 | 11.2
Axes           | 1 2 3 4 5 6 7 8 9 10 11 | 11.2
Maces & Flails | 1 2 3 4 5 6 7 8 9 10 11 | 11.2
Polearms       | 1 2 3 4 5 6 7 8 9 10 11 | 11.2
Staves         | 1 2 3 4 5 6 7 8 9 10 11 | 11.2
Slings         | 1 2 3 4 5 6 7 8 9 10 11 | 11.2
Bows           | 1 2 3 4 5 6 7 8 9 10 11 | 11.2
Crossbows      | 1 2 3 4 5 6 7 8 9 10 11 | 11.2
Throwing       | 1 2 3 4 5 6 7 8 9 10 11 | 11.2
Armour         | 1 2 3 4 5 6 7 8 9 10 11 | 11.2
Shields        | 1 2 3 4 5 6 7 8 9 10 11 | 11.2
Unarmed Combat | 1 2 3 4 5 6 7 8 9 10 11 | 11.2
Evocations     | 1 2 3 4 5 6 7 8 9 10 11 | 11.2
Conjurations   | 1 2 3 4 5 6 7 8 9 |  9.5
Hexes          | 1 2 3 4 5 6 7 8 9 |  9.5
Summonings     | 1 2 3 4 5 6 7 8 9 |  9.5
Necromancy     | 1 2 3 4 5 6 7 8 9 |  9.5
Translocations | 1 2 3 4 5 6 7 8 9 |  9.5
Transmutations | 1 2 3 4 5 6 7 8 9 |  9.5
Fire Magic     | 1 2 3 4 5 6 7 8 9 |  9.5
Air Magic      | 1 2 3 4 5 6 7 8 9 |  9.5
Earth Magic    | 1 2 3 4 5 6 7 8 9 |  9.5
Poison Magic   | 1 2 3 4 5 6 7 8 9 |  9.5
Dodging        | 5 6 7 8 9 10 11 12 | 12.0
Stealth        | 5 6 7 8 9 10 11 | 11.8
Ice Magic      | 8 9 10 11 | 11.6

Action                   |  1- 3 |  4- 6 |  7- 9 | 10-12 | 13-15 | 16-18 || total
-------------------------+-------+-------+-------+-------+-------+-------++-------
Melee: Unarmed           |    42 |       |       |       |       |       ||    42
       Bite              |     4 |     2 |     8 |    52 |    64 |    92 ||   222
       Short sword       |    20 |    47 |       |       |       |       ||    67
       Glaive            |       |       |   158 |   384 |   120 |       ||   662
       Scimitar          |       |       |       |       |   362 |    36 ||   398
       Long sword        |       |       |       |       |       |   439 ||   439
 Fire: Shortbow          |       |    24 |       |       |       |       ||    24
 Cast: Freeze            |    39 |    13 |     2 |     4 |     6 |       ||    64
       Hailstorm         |       |     7 |    17 |    43 |   107 |   148 ||   322
       Frozen Ramparts   |       |     3 |    12 |    37 |    42 |    16 ||   110
       Summon Ice Beast  |       |     2 |    32 |    38 |   128 |   222 ||   422
       Shadow Creatures  |       |       |       |       |       |    42 ||    42
       Borgnjor's Vile C |       |       |       |       |       |     4 ||     4
Invok: Channel Magic     |       |       |       |       |     2 |     7 ||     9
Evoke: Wand              |       |     1 |       |       |       |     3 ||     4
       Tin of tremorston |       |       |       |       |     2 |       ||     2
  Use: Scroll            |       |     7 |     6 |     8 |     9 |    11 ||    41
       Potion            |       |       |       |     2 |     6 |    13 ||    21
 Stab: Sleeping          |     8 |     5 |     8 |    17 |    18 |     8 ||    64
       Distracted        |       |       |     2 |     2 |     2 |    11 ||    17
Armor: Robe              |    16 |     6 |       |       |       |       ||    22
       Steam dragon scal |       |       |    29 |   141 |   121 |   143 ||   434
Dodge: Dodged            |    75 |    56 |   182 |   494 |   431 |   440 ||  1678
Block: Buckler           |       |       |       |       |   119 |   306 ||   425
       Reflection        |       |       |       |       |       |    31 ||    31
       Rpst.: Scimitar   |       |       |       |       |    79 |     6 ||    85
       Long sword        |       |       |       |       |       |    96 ||    96

Table legend: (Time is in decaauts)
 A = Elapsed time spent in this place.
 B = Non-inter-level travel time spent in this place.
 C = Inter-level travel time spent in this place.
 D = Time resting spent in this place.
 E = Time spent auto-exploring this place.
 F = Levels seen in this place.
 G = Mean time per level.
                   A        B        C        D        E       F      G
               +--------+--------+--------+--------+--------+-----+--------+
         Total |  39300 |  37615 |   1685 |   5502 |  25955 |  29 | 1355.2 |
       Dungeon |  18884 |  17941 |    943 |   1357 |  13299 |  14 | 1348.9 |
        Temple |    164 |    137 |     27 |      0 |    105 |   1 |  164.0 |
          Lair |   8503 |   8064 |    439 |   1079 |   5958 |   6 | 1417.2 |
        Shoals |   5847 |   5794 |     53 |   1266 |   3789 |   3 | 1949.0 |
     Snake Pit |   2347 |   2254 |     93 |    941 |   1087 |   2 | 1173.5 |
  Orcish Mines |   2084 |   1957 |    127 |      9 |   1533 |   2 | 1042.0 |
      Ice Cave |   1467 |   1467 |      0 |    850 |    182 |   1 | 1467.0 |
               +--------+--------+--------+--------+--------+-----+--------+

Top non-repeatable levels by time:
Shoals:1: 3487 daAuts
 Snake:1: 2202 daAuts
  Lair:5: 2142 daAuts
     D:6: 2073 daAuts
Shoals:2: 2060 daAuts
  Lair:3: 1950 daAuts
    D:13: 1734 daAuts
    D:10: 1724 daAuts
  Lair:2: 1720 daAuts
    D:12: 1664 daAuts
    D:15: 1655 daAuts
  Lair:1: 1595 daAuts
    D:14: 1531 daAuts
   IceCv: 1467 daAuts
     D:7: 1360 daAuts
